 Dungeon Crawl Stone Soup version 0.31-a0-229-g1fc7ce9 (webtiles) character file.

Game seed: 8254939254651066856

36111 Dawnplanks the Stormcaller (level 13, -3/68 HPs)
             Began as a Tengu Air Elementalist on July 6, 2023.
             Was an Elder of Vehumet.
             Slain by an azure jelly (33 damage)
             ... on level 4 of the Lair of Beasts.
             The game lasted 00:57:19 (21409 turns).

Dawnplanks the Stormcaller (TeAE)                  Turns: 21409, Time: 00:57:20

Health: -3/68      AC: 10    Str: 10    XL:     13   Next: 88%
Magic:  32/32      EV: 21    Int: 25    God:    Vehumet [****..]
Gold:   586        SH:  0    Dex: 15    Spells: 21/40 levels left

rFire   . . .        c - staff of conjuration
rCold   . . .        (no shield)
rNeg    + . .        T - +4 Cigotuvi's embrace {Corpsefed rMiasma Drain rN+}
rPois   .            K - +1 hat
rElec   .            G - +0 cloak
rCorr   .            w - +0 pair of gloves
SInv    .            (boots unavailable)
Will    .....        e - amulet of regeneration
Stlth   ++           S - +5 ring of evasion
HPRegen 1.11/turn    o - +6 ring of intelligence
MPRegen 0.23/turn

%: no passive effects
@: flying quickly and evasively, quick
A: beak, talons 3, nimble flight
a: Renounce Religion


You were on level 4 of the Lair of Beasts.
You worshipped Vehumet.
Vehumet was greatly pleased with you.
You visited 3 branches of the dungeon, and saw 16 of its levels.
You also visited: Sewer and Ossuary.

You collected 818 gold pieces.
You spent 232 gold pieces at shops.

Inventory:

Hand Weapons
 Q - the +2 triple crossbow of the Holding Gods {elec, rPois}
   (You found it on level 10 of the Dungeon)

   rPois:     It protects you from poison.
Armour
 i - the +3 kite shield of Time Monsters {rF+ Will+ Dex-2}
   (You found it on level 2 of the Lair of Beasts)

   Dex:       It affects your dexterity (-2).
   rF:        It protects you from fire.
   Will:      It increases your willpower.
 s - +0 steam dragon scales
 w - a +0 pair of gloves (worn)
 G - a +0 cloak (worn)
 J - a +0 robe of resistance
 K - a +1 hat (worn)
 T - the +4 Cigotuvi's embrace (worn) {Corpsefed rMiasma Drain rN+}
   (You found it on level 11 of the Dungeon)

   Corpsefed: It gathers nearby corpses to temporarily increase the armour it
   provides.
   rMiasma:   It protects you from foul pestilence.
   rN:        It protects you from negative energy.
   Drain:     It drains your maximum health when unequipped.
Magical Staves
 c - a staff of conjuration (weapon)
Jewellery
 a - a ring of wizardry
 e - an amulet of regeneration (around neck)
 j - a ring of protection from cold
 o - a +6 ring of intelligence (right hand)
 M - a +5 ring of evasion
 P - a ring of see invisible
 R - a +6 ring of dexterity
 S - a +5 ring of evasion (left hand)
Wands
 k - a wand of acid (7)
 E - a wand of flame (48)
 F - a wand of roots (11)
 H - a wand of paralysis (30)
 N - a wand of polymorph (5)
 O - a wand of mindburst (8)
Scrolls
 d - a scroll of vulnerability {unknown}
 g - 3 scrolls of summoning {unknown}
 m - a scroll of enchant armour
 n - 5 scrolls of noise
 t - a scroll of silence
 v - 2 scrolls of amnesia
 x - a scroll of brand weapon {unknown}
 z - 8 scrolls of teleportation
 B - a scroll of enchant weapon
 D - 3 scrolls of immolation
 I - a scroll of fog
 L - 2 scrolls of revelation {unknown}
 U - a scroll of torment (quivered) {unknown}
Potions
 b - 2 potions of magic
 f - 4 potions of invisibility {unknown}
 h - 3 potions of lignification {unknown}
 l - 2 potions of cancellation
 p - 2 potions of enlightenment {unknown}
 q - 4 potions of brilliance {unknown}
 r - 5 potions of curing
 u - 3 potions of mutation
 A - 4 potions of attraction {unknown}
 C - 2 potions of heal wounds {unknown}
Miscellaneous
 y - a phantom mirror


   Skills:
 + Level 2.7 Fighting
 + Level 1.1 Staves
 + Level 2.0 Armour
 + Level 5.0 Dodging
 - Level 2.0 Stealth
 + Level 14.1 Spellcasting
 + Level 11.1 Conjurations
 + Level 1.6 Ice Magic
 + Level 18.8 Air Magic
 + Level 0.3 Poison Magic
 + Level 1.6 Evocations


You had 21 spell levels left.
You knew the following spells:

 Your Spells              Type           Power      Damage    Failure   Level
a - Shock                 Conj/Air       100%       1d9       0%          1
b - Static Discharge      Conj/Air       100%       2-7/arc   0%          2
c - Swiftness             Air            84%        N/A       0%          3
d - Airstrike             Air            42%        2d(6-22)  0%          4
e - Magic Dart            Conj           100%       1d8       1%          1
f - Freezing Cloud        Conj/Ice/Air   40%        6-21      1%          5
g - Mephitic Cloud        Conj/Pois/Air  80%        N/A       1%          3

Your spell library contained the following spells:

 Spells                   Type           Power      Damage    Failure   Level
 Frozen Ramparts          Ice            50%        1d8       1%          3
 Kiss of Death            Conj/Necr      100%       2d13      1%          1
 Cigotuvi's Dreadful Rot  Necr/Pois/Air  98%        N/A       1%          2
 Dazzling Flash           Conj/Hex       100%       N/A       1%          3
 Iskenderun's Mystic Bla  Conj/Tloc      62%        2d13      1%          4
 Silence                  Hex/Air        29%        N/A       2%          5
 Ignite Poison            Fire/Tmut/Pois 18%        N/A       3%          3
 Volatile Blastmotes      Fire/Tloc      34%        2d12      3%          3
 Lesser Beckoning         Tloc           34%        N/A       6%          2
 Confusing Touch          Hex            17%        N/A       13%         3
 Gell's Gravitas          Tloc           17%        N/A       13%         3
 Teleport Other           Tloc           17%        N/A       13%         3
 Starburst                Conj/Fire      31%        6d9       17%         6
 Dispel Undead            Necr           17%        3d10      38%         4
 Passage of Golubria      Tloc           17%        N/A       38%         4
 Lehudib's Crystal Spear  Conj/Erth      31%        10d8      99%         8


Dungeon Overview and Level Annotations

Branches:
Dungeon (11/15)            Temple (1/1) D:5            Lair (4/5) D:8
  Swamp (0/4) Lair:2        Snake (0/4) Lair:3          Orc (0/2) D:11
  Sewer (visited)         Ossuary (visited)
  Slime: Lair:4-5

Altars:
Ashenzari
Cheibriados
Dithmenos
Elyvilon
Fedhas
Gozag
Hepliaklqana
Kikubaaqudgha
Makhleb
Nemelex Xobeh
Okawaru
Qazlal
Ru
Sif Muna
Trog
Uskayaw
Vehumet
Wu Jian
Xom
Yredelemnul
Zin
The Shining One

Shops:
D:4 :   D:6 [   D:8 [

Annotations:
D:4 3 runed translucent doors, MinotaursOnly's ghost, amateur MiAr
D:7 Maurice


Innate Abilities, Weirdness & Mutations

You have a beak for a mouth.
You have claws for feet.
Your magical nature lets you fly swiftly and evasively.


Message History

The air twists around and strikes the catoblepas!!
You kill the catoblepas!
Vehumet accepts your kill.
You feel your power returning.
The bodies of the dead rush to embrace you!
A chunk of your corpse armour falls away.
A chunk of your corpse armour falls away.
A chunk of your corpse armour falls away.
A chunk of your corpse armour falls away.
A chunk of your corpse armour falls away.
Your corpse armour falls away.
An azure jelly and 2 jellies come into view.
The jelly quivers.
The azure jelly quivers.
A slime creature comes into view.
The jelly moves out of view.
Unknown command.
Okay, then.
Casting: Airstrike (safe; 0% risk of failure)
Confirm with . or Enter, or press ? or * to list all spells.
Aiming: Freezing Cloud (dangerous; 1% risk of failure)
Press: ? - help, Dir - move target You feel a surge of power!
The slime creature quivers.
The jelly quivers.
The azure jelly is engulfed in freezing vapours.
The azure jelly attacks as you move away!
The azure jelly hits you. The azure jelly freezes you!!
The azure jelly barely misses you. The azure jelly completely misses you.
The azure jelly hits you.
The azure jelly attacks as you move away!
The azure jelly hits you but does no damage.
The azure jelly closely misses you.
The azure jelly hits you but does no damage. x2
The azure jelly hits you but does no damage.
The azure jelly misses you. x2; The azure jelly hits you.
The azure jelly attacks as you move away!
The azure jelly barely misses you. The azure jelly closely misses you.
The azure jelly misses you. The azure jelly hits you!
The azure jelly attacks as you move away!
The azure jelly hits you! The azure jelly freezes you!!
You die...

###### ### #######P#..####
####### ###
..####..P##P..#.##.####PP...###.#
P..................<...........>.
.................................
......).........@J...............
........................P........
.......................PP........
#......#######.##.##.P##P..##....
#.###### ######.###########..
...# ### ##... #..# #.... #.###
#P#.. #.#.# ###..


You could see an azure jelly.

Vanquished Creatures
  Rupert (Lair:4)
  Snorg (D:11)
  A hydra (Lair:2)
  2 catoblepae
  2 two-headed ogres
  6 death yaks (Lair:1)
  A wolf spider zombie (D:11)
  Joseph (D:7)
  2 centaur zombies (D:11)
  10 elephants
  2 black mambas (Lair:1)
  Maggie (Lair:2)
  2 centaur skeletons (D:11)
  11 cane toads
  An efreet (D:11)
  10 komodo dragons
  A redback zombie (D:11)
  3 trolls
  3 hellwings (D:11)
  18 blink frogs
  2 hornets
  2 shadows
  3 wyverns
  A wraith (D:11)
  7 yaks
  Grum (Lair:1)
  3 steam dragons
  6 basilisks
  3 vampire mosquitoes (D:11)
  An acid dragon (D:8)
  A naga (Lair:3)
  10 water moccasins
  6 orc warriors
  3 ice beasts
  A black bear (D:4)
  2 sky beasts
  4 wolves (Lair:1)
  An ogre (D:5)
  4 centaurs
  2 kobold brigands
  4 phantoms
  14 bullfrogs
  A gnoll sergeant (D:11)
  4 scorpions
  9 wights
  11 killer bees
  4 howler monkeys
  3 electric eels (Lair:2)
  4 hounds
  3 jellies
  6 orc priests
  2 sleepcaps
  Terence (D:3)
  2 iguanas
  11 orc wizards
  A mummy (Ossuary)
  11 adders
  5 gnolls (D:11)
  A river rat (D:3)
  3 white imps
  An ufetubus (D:4)
  4 worms
  3 dart slugs
  37 orcs
  3 spectral bats (Ossuary)
  An endoplasm (D:2)
  5 giant cockroaches
  12 gnoll zombies (Ossuary)
  6 goblins
  7 hobgoblins
  9 jackals
  6 quokkas
  5 ball pythons
  6 bats
  3 bat simulacra (Ossuary)
  4 frilled lizards
  2 goblin simulacra (Ossuary)
  4 goblin zombies (Ossuary)
  5 hobgoblin zombies (Ossuary)
  16 kobolds
  5 kobold simulacra (Ossuary)
  7 kobold zombies (Ossuary)
  2 orc zombies (Ossuary)
  A quokka zombie (D:4)
  9 rats
  5 rat simulacra (Ossuary)
  A rat zombie (D:4)
  A spectral goblin (Ossuary)
  3 spectral kobolds (Ossuary)
415 creatures vanquished.

Vanquished Creatures (others)
  A wight (D:9)
1 creature vanquished.

Grand Total: 416 creatures vanquished

Notes
Turn   | Place    | Note
-------+----------+-------------------------------------------
     0 | D:1      | Dawnplanks the Tengu Air Elementalist began the quest for
                  | the Orb.
     0 | D:1      | Reached XP level 1. HP: 10/10 MP: 4/4
   206 | D:1      | Reached XP level 2. HP: 12/15 MP: 0/6
   684 | D:1      | Reached XP level 3. HP: 19/19 MP: 3/7
  1664 | D:2      | Reached skill level 5 in Air Magic
  1664 | D:2      | Reached XP level 4. HP: 24/24 MP: 2/8
  2046 | D:3      | Learned a level 2 spell: Static Discharge
  2050 | D:3      | Learned a level 3 spell: Swiftness
  2445 | D:3      | Found a glowing drain.
  2499 | Sewer    | Entered a sewer
  2534 | Sewer    | Noticed a water moccasin
  2539 | Sewer    | Killed a water moccasin
  2540 | Sewer    | Reached skill level 6 in Air Magic
  2540 | Sewer    | Gained mutation: Your magical nature lets you fly swiftly
                  | and evasively. [Tengu growth]
  2540 | Sewer    | Reached XP level 5. HP: 28/28 MP: 4/10
  2545 | Sewer    | Learned a level 4 spell: Airstrike
  2664 | D:3      | Reached XP level 6. HP: 33/33 MP: 4/11
  2880 | D:3      | Found a faded altar of an unknown god.
  2980 | D:3      | Noticed Terence
  2982 | D:3      | Killed Terence
  3507 | D:4      | Noticed a walking divine tome
  3508 | D:4      | Found Uqaig's Book Emporium.
  3511 | D:4      | Noticed a walking divine tome
  3637 | D:4      | Found a burning altar of Makhleb.
  3671 | D:4      | Found a runed translucent gate.
  3672 | D:4      | Found a runed translucent gate.
  3673 | D:4      | Found a runed translucent gate.
  3673 | D:4      | Noticed MinotaursOnly's ghost (amateur MiAr)
  3780 | D:4      | Found a sand-covered staircase.
  3797 | Ossuary  | Entered an ossuary
  5103 | D:4      | Noticed a black bear
  5107 | D:4      | Killed a black bear
  5108 | D:4      | Reached XP level 7. HP: 37/37 MP: 5/13
  5197 | D:4      | Reached skill level 7 in Air Magic
  5748 | D:5      | Entered Level 5 of the Dungeon
  5748 | D:5      | Found a staircase to the Ecumenical Temple.
  5758 | D:5      | Reached skill level 5 in Conjurations
  5767 | Temple   | Entered the Ecumenical Temple
  6430 | D:5      | Reached XP level 8. HP: 42/42 MP: 10/16
  6494 | D:5      | Reached skill level 8 in Air Magic
  6638 | D:5      | Reached skill level 5 in Spellcasting
  6722 | D:5      | Found an iron altar of Okawaru.
  6960 | D:5      | Reached skill level 1 in Fighting
  7031 | D:5      | Found a bloodstained altar of Trog.
  7397 | D:6      | Reached skill level 9 in Air Magic
  8070 | D:6      | Reached XP level 9. HP: 37/47 MP: 3/19
  8205 | D:6      | Reached skill level 10 in Air Magic
  8838 | D:6      | Found Kautrer's Antique Armour Emporium.
  8843 | D:6      | Bought an embroidered robe for 96 gold pieces
  9124 | D:7      | Found a radiant altar of Vehumet.
  9131 | D:7      | Became a worshipper of Vehumet
  9186 | D:7      | Noticed Joseph
  9372 | D:7      | Found a hazy altar of Hepliaklqana.
  9381 | D:7      | Found a basalt altar of Yredelemnul.
  9732 | D:7      | Noticed a hornet
  9842 | D:7      | Killed a hornet
  9959 | D:7      | Killed Joseph
  9960 | D:7      | Reached skill level 11 in Air Magic
 10137 | D:8      | Found Sorph's Antique Armour Shop.
 10224 | D:8      | Reached XP level 10. HP: 52/52 MP: 6/23
 10323 | D:8      | Reached skill level 1 in Evocations
 10411 | D:8      | Noticed an elephant
 10416 | D:8      | Killed an elephant
 10447 | D:8      | Reached skill level 12 in Air Magic
 10463 | D:8      | Bought a glowing robe for 136 gold pieces
 10757 | D:8      | Reached * piety under Vehumet
 10757 | D:8      | Offered knowledge of Magic Dart by Vehumet.
 10768 | D:8      | Learned a level 1 spell: Magic Dart
 10805 | D:8      | Noticed Maurice
 11241 | D:8      | Found a shadowy altar of Dithmenos.
 11299 | D:8      | Found a sacrificial altar of Ru.
 11453 | D:8      | Found a staircase to the Lair.
 11663 | D:8      | Found a shimmering blue altar of Sif Muna.
 11663 | D:8      | Found a broken altar of Ashenzari.
 11664 | D:8      | Found an ornate altar of the Wu Jian Council.
 11934 | D:9      | Noticed a two-headed ogre
 11936 | D:9      | Killed a two-headed ogre
 11937 | D:9      | Reached skill level 13 in Air Magic
 12182 | D:9      | Reached ** piety under Vehumet
 12291 | D:9      | Found a stormy altar of Qazlal.
 12377 | D:9      | Noticed a catoblepas
 12391 | D:9      | Killed a catoblepas
 12392 | D:9      | Reached XP level 11. HP: 46/57 MP: 9/25
 12492 | D:9      | Offered knowledge of Foxfire by Vehumet.
 12505 | D:9      | Found a glowing golden altar of the Shining One.
 12661 | D:10     | Entered Level 10 of the Dungeon
 12666 | D:10     | Reached skill level 10 in Spellcasting
 12806 | D:10     | Learned a level 5 spell: Freezing Cloud
 13467 | D:10     | Noticed a two-headed ogre
 13471 | D:10     | Killed a two-headed ogre
 13472 | D:10     | Reached skill level 14 in Air Magic
 13805 | D:10     | Identified the +2 triple crossbow of the Holding Gods
                  | {elec, rPois}
 14161 | D:11     | Offered knowledge of Mephitic Cloud by Vehumet.
 14166 | D:11     | Learned a level 3 spell: Mephitic Cloud
 14307 | D:11     | Found a staircase to the Orcish Mines.
 14439 | D:11     | Reached *** piety under Vehumet
 14441 | D:11     | Noticed Snorg
 14450 | D:11     | Killed Snorg
 14451 | D:11     | Reached skill level 15 in Air Magic
 15517 | D:11     | Reached skill level 1 in Staves
 15550 | D:11     | Reached XP level 12. HP: 22/64 MP: 2/28
 15983 | D:11     | Found the +4 Cigotuvi's embrace {Corpsefed rMiasma Drain
                  | rN+}
 16105 | Lair:1   | Entered Level 1 of the Lair of Beasts
 16119 | Lair:1   | Noticed Grum
 16123 | Lair:1   | Killed Grum
 16459 | Lair:1   | Reached skill level 10 in Conjurations
 16463 | Lair:1   | Reached skill level 16 in Air Magic
 16580 | Lair:1   | Noticed a death yak
 16582 | Lair:1   | Noticed a death yak
 16582 | Lair:1   | Noticed a death yak
 16584 | Lair:1   | Noticed a death yak
 16584 | Lair:1   | Noticed a death yak
 16585 | Lair:1   | Noticed a death yak
 16593 | Lair:1   | Killed a death yak
 16597 | Lair:1   | Killed a death yak
 16597 | Lair:1   | Offered knowledge of Inner Flame by Vehumet.
 16606 | Lair:1   | Killed a death yak
 16616 | Lair:1   | HP: 3/64 [death yak (7)]
 17297 | Lair:1   | Killed a death yak
 17298 | Lair:1   | Reached skill level 1 in Armour
 17446 | Lair:1   | Killed a death yak
 17748 | Lair:1   | Killed a death yak
 17848 | Lair:2   | Noticed a five-headed hydra
 17853 | Lair:2   | Killed a five-headed hydra
 17854 | Lair:2   | Reached skill level 17 in Air Magic
 17854 | Lair:2   | Identified the +3 kite shield of Time Monsters {rF+ Will+
                  | Dex-2}
 18073 | Lair:2   | Reached XP level 13. HP: 33/68 MP: 12/30
 18140 | Lair:2   | Reached **** piety under Vehumet
 18283 | Lair:2   | Reached skill level 5 in Dodging
 18539 | Lair:2   | Paralysed by a hornet for 2 turns
 18545 | Lair:2   | Offered knowledge of Frozen Ramparts by Vehumet.
 18661 | Lair:2   | Found a staircase to the Swamp.
 18780 | Lair:2   | Noticed Maggie
 18785 | Lair:2   | Killed Maggie
 19489 | Lair:3   | Reached skill level 1 in Ice Magic
 19684 | Lair:3   | Reached skill level 18 in Air Magic
 19953 | Lair:3   | Found a staircase to the Snake Pit.
 21042 | Lair:4   | Noticed Rupert
 21050 | Lair:4   | Killed Rupert
 21374 | Lair:4   | Noticed an azure jelly
 21409 | Lair:4   | Slain by an azure jelly

Illustrated notes

Levels and vault maps discovered:
D:1:      psy_arrival_radial02, layout_basic
D:2:      kennysheep_big_flooded_room, layout_rooms
D:3:      layout_loops_ring, lightli_sewer_entry_pipes,
          ebering_ecumenical_altar_rust, uniq_terence
D:4:      layout_basic, kennysheep_little_box, enter_ossuary_4, serial_shops,
          nicolae_shop_mannequins, gammafunk_ghost_nasty_kobolds
D:5:      lemuel_ice_spiral_2, layout_basic, okawaru_trees_2,
          old_standard_altar, minmay_temple_entry_mist
D:6:      layout_loops_corners, serial_shops, nicolae_shop_crystal,
          serial_glass, glass_columns_a, glass_columns_a,
          minmay_misc_feat_nine_boxes, minmay_bent
D:7:      layout_loops_cross, nicolae_vehumet_altar_sigil,
          mainiacjoe_overflow_large_starburst, uniq_joseph
D:8:      layout_rooms, nicolae_dithmenos_the_darkroom,
          gammafunk_temple_overflow_claw, mainiacjoe_overflow_surrounded_room,
          david_lair_generic, serial_shops, shop, uniq_maurice
D:9:      layout_cave_pools, nicolae_qazlal_scattered_showers,
          mainiacjoe_overflow_six_doors_small
D:10:     layout_grid_maze
D:11:     layout_loops_ring, david_orc_2, minivault_22,
          hellmonk_guarded_unrand_cigotuvi, uniq_snorg
Temple:   chequers_temple_sunken
Lair:1:   layout_cave_pods, uniq_grum
Lair:2:   layout_roguey, swamp_mist, grunt_megastairs_3, serial_bayou_shore_a,
          uniq_maggie
Lair:3:   layout_gridlike, guppyfry_snake_entry_garden
Lair:4:   layout_big_grid, dpeg_slime_entry_corner, nicolae_lair_time_for_slime,
          infiniplex_staircase_pool_2, uniq_rupert

Skill      XL: |  1  2  3  4  5  6  7  8  9 10 11 12 13 |
---------------+----------------------------------------+-----
Conjurations   | 2 3 4 5 6 7 8 9 10 11 | 11.1
Air Magic      | 5 6 7 9 11 13 15 17 18 | 18.8
Dodging        | 3 4 5 |  5.0
Spellcasting   | 3 4 6 8 9 11 12 14 | 14.1
Fighting       | 1 2 |  2.7
Evocations     | 1 |  1.6
Staves         | 1 |  1.1
Armour         | 1 2 |  2.0
Ice Magic      | 1 |  1.6
Stealth        | |  2.0
Poison Magic   | |  0.3

Action                     |  1- 3 |  4- 6 |  7- 9 | 10-12 | 13-15 || total
---------------------------+-------+-------+-------+-------+-------++-------
  Melee: Staff             |    36 |    30 |    12 |    43 |    10 ||   131
         Peck              |     4 |     3 |     4 |     7 |     2 ||    20
         Kick              |     9 |     7 |     3 |    18 |     5 ||    42
         Punch             |       |     1 |       |       |       ||     1
   Cast: Shock             |    66 |   179 |   151 |   294 |    42 ||   732
         Airstrike         |       |     3 |    46 |   145 |    80 ||   274
         Swiftness         |       |     1 |     2 |     1 |       ||     4
         Magic Dart        |       |       |       |    36 |    12 ||    48
         Freezing Cloud    |       |       |       |     8 |    17 ||    25
         Static Discharge  |       |       |       |     7 |     9 ||    16
         Mephitic Cloud    |       |       |       |     5 |     1 ||     6
  Evoke: Wand              |       |       |     6 |    12 |       ||    18
         Phantom mirror    |       |       |       |     2 |       ||     2
    Use: Scroll            |       |     1 |     7 |     7 |     1 ||    16
         Potion            |       |       |       |     5 |       ||     5
 Armour: Robe              |    13 |    12 |     3 |     5 |       ||    33
         Steam dragon scal |       |       |       |    43 |       ||    43
         Leather armour    |       |       |       |    21 |    14 ||    35
  Dodge: Dodged            |    35 |    57 |    40 |   163 |    32 ||   327

Table legend: (Time is in decaauts)
 A = Elapsed time spent in this place.
 B = Non-inter-level travel time spent in this place.
 C = Inter-level travel time spent in this place.
 D = Time resting spent in this place.
 E = Time spent auto-exploring this place.
 F = Levels seen in this place.
 G = Mean time per level.
                   A        B        C        D        E       F      G
               +--------+--------+--------+--------+--------+-----+--------+
         Total |  20513 |  19433 |   1080 |    801 |  16123 |  18 | 1139.6 |
       Dungeon |  14149 |  13245 |    904 |    581 |  10954 |  11 | 1286.3 |
        Temple |    297 |    227 |     70 |      0 |    218 |   1 |  297.0 |
          Lair |   4967 |   4861 |    106 |    220 |   4037 |   4 | 1241.8 |
         Sewer |    148 |    148 |      0 |      0 |    117 |   1 |  148.0 |
       Ossuary |    951 |    951 |      0 |      0 |    795 |   1 |  951.0 |
               +--------+--------+--------+--------+--------+-----+--------+

Top non-repeatable levels by time:
    D:11: 1883 daAuts
  Lair:1: 1675 daAuts
     D:6: 1622 daAuts
     D:8: 1352 daAuts
    D:10: 1351 daAuts
     D:5: 1309 daAuts
  Lair:3: 1290 daAuts
  Lair:2: 1288 daAuts
     D:7: 1255 daAuts
     D:1: 1248 daAuts
     D:3: 1247 daAuts
     D:4: 1205 daAuts
 Ossuary: 951 daAuts
     D:9: 875 daAuts
     D:2: 798 daAuts
